[Event "Live Chess"]
[Site "Chess.com"]
[Date "2024.06.01"]
[Round "-"]
[White "LL220284LL"]
[Black "Pedrada88"]
[Result "0-1"]
[WhiteElo "2543"]
[BlackElo "2543"]
[TimeControl "300"]
[EndTime "12:59:43 PDT"]
[Termination "Pedrada88 won by checkmate"]

1. g3 d5 2. Bg2 c6 3. Nf3 Nf6 4. O-O Nbd7 5. b3 e5 6. Bb2 Bd6 7. d3 O-O 8. Nbd2 Re8 9. e4 b6 10. exd5 cxd5 11. Re1 Bb7 12. Nh4 g6 13. Nf1 Rc8 14.
Ne3 Qc7 15. Rc1 d4 16. Ng4 Bxg2 17. Kxg2 Qc6+ 18. Kg1 Bb4 19. Rf1 Nd5 20. Qf3 f5 21. Nxf5 gxf5 22. Qxf5 Ne7 23. Qh5 Qg6 24. Qh3 h5 25.
Nh6+ Qxh6 26. Qxd7 Bd2 27. Rcd1 Bg5 28. Ba3 h4 29. Rde1 Bf6 30. Bxe7 Bxe7 31. Rxe5 Rcd8 32. Qxd8 Rxd8 33. Rxe7 h3 34. Rfe1 Rf8 35. R7e4 Rf7 36. Rg4+ Kf8 37. Rxd4 Qc6 38. Rde4 Qxc2 39. Re8+ Kg7 40.
Rf1 Qxa2 41. Re4 Qxb3 42. Rh4 Qe6 43. Re4 Qd5 44. Rg4+ Kf8 45. Rh4 Qg2# 0-1

[Event "Live Chess"]
[Site "Chess.com"]
[Date "2024.06.01"]
[Round "-"]
[White "MagnersCarlsberg2870"]
[Black "nigelst"]
[Result "0-1"]
[WhiteElo "1819"]
[BlackElo "1648"]
[TimeControl "300"]
[EndTime "13:00:05 PDT"]
[Termination "nigelst won by resignation"]

1. e4 c6 2. d3 d5 3. Nd2 e5 4. Ngf3 Nd7 5. h3 Ngf6 6. Be2 Bd6 7. O-O O-O 8. c3 b6 9. exd5 cxd5 10. c4 Bb7 11. cxd5 Bxd5 12. Nc4 Bxc4 13. dxc4 Nc5 14. Bg5 Be7 15. Qxd8 Rfxd8 16. Nxe5 Nce4 17. Bxf6 Bxf6 18. Nf3 Nd2 19. Rfd1 Nxf3+ 20. Bxf3 Rab8 21. Bd5 Bxb2 22. Rab1 Bf6 23. f3 g6 24. Kf2 Kg7 25. a4 Re8 26.
Re1 Kf8 27. Rxe8+ Rxe8 28. Re1 Bh4+ 29. g3 Bxg3+ 30. Kxg3 Rxe1 31. Kf2 Ra1 32. Bc6 Ke7 33. Kg3 Kd6 34. Bb5 0-1

[Event "Live Chess"]
[Site "Chess.com"]
[Date "2024.06.01"]
[Round "-"]
[White "Silverback7829"]
[Black "f4nomore"]
[Result "0-1"]
[WhiteElo "998"]
[BlackElo "1206"]
[TimeControl "300"]
[EndTime "13:00:16 PDT"]
[Termination "f4nomore won by checkmate"]

1. d4 g6 2. Nf3 Bg7 3. Nc3 d6 4. e3 Nf6 5. Bb5+ c6 6. Bd3 O-O 7. Bd2 Nbd7 8. O-O c5 9. dxc5 Nxc5 10. Nb5 Nxd3 11. cxd3 a6 12. Nbd4 e5 13. Nb3 Be6 14.
Bb4 Rc8 15. Ng5 Bxb3 16. axb3 h6 17. Nf3 Nd5 18. Bd2 f5 19. Rc1 Kh7 20. Rxc8 Qxc8 21. Qc1 Qd7 22. Qd1 Rc8 23. e4 Nf6 24. exf5 Qxf5 25.
Qe2 Nd5 26. Bc1 Nb4 27. Be3 Rc2 28. Bd2 Nxd3 29. Qd1 Nf4 30. Qe1 Qg4 31. h3 Nxh3+ 32.
Kh2 Nf4 33. Qe3 Qxg2# 0-1

[Event "Live Chess"]
[Site "Chess.com"]
[Date "2024.06.01"]
[Round "-"]
[White "booktrunk"]
[Black "bonantagulo"]
[Result "0-1"]
[WhiteElo "1388"]
[BlackElo "2108"]
[TimeControl "300"]
[EndTime "13:00:39 PDT"]
[Termination "bonantagulo won by resignation"]

1. d4 Nf6 2. a3 d5 3. Nc3 c5 4. dxc5 e6 5. Bf4 Bxc5 6. e3 O-O 7. Nf3 Nc6 8. Ne5 Bd6 9. Nxc6 bxc6 10. Bxd6 Qxd6 11.
Be2 e5 12. O-O Rb8 13. b3 Bf5 14. f3 Rfd8 15. Qe1 Bxc2 16. Bd1 Bxb3 17. Bxb3 Rxb3 18. Ne2 0-1

[Event "Live Chess"]
[Site "Chess.com"]
[Date "2024.06.01"]
[Round "-"]
[White "jimwad"]
[Black "TigerTank70"]
[Result "0-1"]
[WhiteElo "1269"]
[BlackElo "2213"]
[TimeControl "300"]
[EndTime "13:00:49 PDT"]
[Termination "TigerTank70 won by resignation"]

1. d4 d5 2. c4 e5 3. dxe5 d4 4.
e3 Bb4+ 5. Bd2 dxe3 6. Bxb4 exf2+ 7. Ke2 fxg1=N+ 8. Rxg1 Bg4+ 9. Ke3 Bxd1 10. Nc3 Bh5 0-1

[Event "Live Chess"]
[Site "Chess.com"]
[Date "2024.06.01"]
[Round "-"]
[White "LanceMaster23"]
[Black "NeilDruggan73"]
[Result "1-0"]
[WhiteElo "1844"]
[BlackElo "1749"]
[TimeControl "300"]
[EndTime "13:01:08 PDT"]
[Termination "LanceMaster23 won by resignation"]

1. Nf3 Nf6 2. d4 g6 3. Bf4 Bg7 4. e3 d6 5. Be2 O-O 6. O-O c6 7. c3 h6 8. h3 Nh5 9. Bh2 f5 10.
Nbd2 Nd7 11. Re1 b5 12. a4 Ba6 13. axb5 Bb7 14. bxc6 Bxc6 15. Ra6 Qc7 16. Qb3+ Kh7 17. Qa3 Rfb8 18. Ra1 Rb7 19. Nb3 Nb8 20. Rxc6 Nxc6 21.
Ba6 Rb6 22. Nbd2 Rab8 23. Nc4 Rb3 24. Qa4 Nf6 25. Nfd2 R3b7 26. Bxb7 Rxb7 27. b4 d5 28. Bxc7 1-0

[Event "Live Chess"]
[Site "Chess.com"]
[Date "2024.06.01"]
[Round "-"]
[White "agamilewska"]
[Black "cymbalshift"]
[Result "1-0"]
[WhiteElo "1765"]
[BlackElo "1702"]
[TimeControl "300"]
[EndTime "13:01:21 PDT"]
[Termination "agamilewska won on time"]

1. d4 Nf6 2. c4 e6 3. Nc3 c5 4. e3 Nc6 5. Nf3 a6 6. Be2 d5 7.
O-O dxc4 8. Bxc4 b5 9. Bb3 Bb7 10. dxc5 Bxc5 11. Re1 O-O 12. e4 Qc7 13. Bg5 Rfd8 14.
Qc2 Nb4 15. Qe2 Qb6 16. Bxf6 gxf6 17. Rad1 Kh8 18. a4 Bc6 19. axb5 axb5 20. e5 f5 21. Ng5 Ra7 22. Rxd8+ Qxd8 23. Qh5 Qg8 24. Rd1 Rd7 25. Rxd7 Bxd7 26. Nxf7+ Kg7 27. Nh6 Qf8 28. Qg5+ 1-0

[Event "Live Chess"]
[Site "Chess.com"]
[Date "2024.06.01"]
[Round "-"]
[White "vincents82"]
[Black "koekoekoe"]
[Result "1-0"]
[WhiteElo "2095"]
[BlackElo "2044"]
[TimeControl "300"]
[EndTime "13:01:24 PDT"]
[Termination "vincents82 won by checkmate"]

1. e4 d5 2. exd5 Qxd5 3. Nc3 Qa5 4. d4 Nf6 5. Bc4 Bg4 6. f3 Bh5 7. Bd2 c6 8. Nd5 Qd8 9. Nxf6+ exf6 10. c3 Nd7 11. Qb3 Nb6 12. O-O-O Nxc4 13. Qxc4 Be7 14.
Nh3 O-O 15. Nf4 Bg6 16. Nxg6 hxg6 17. h4 Qd5 18. Qxd5 cxd5 19. Rde1 Bd6 20. h5 gxh5 21.
Rxh5 g6 22. Rxd5 Bg3 23. Re7 Rfe8 24. Rxb7 Re2 25. Rdd7 Rf8 26. Rxa7 Rxg2 27. b4 Rg1+ 28. Kc2 Rg2 29. Kd3 Rf2 30. Bh6 Re8 31. Rxf7 Rxf3+ 32. Kc4 Rc8+ 33. Kb5 Rf5+ 34. Ka4 Rf2 35. Rg7+ Kh8 36.
Rh7+ Kg8 37. Rag7+ Kf8 38. Rh8# 1-0

[Event "Live Chess"]
[Site "Chess.com"]
[Date "2024.06.01"]
[Round "-"]
[White "mrsmarple1968"]
[Black "MaksymYurii"]
[Result "1-0"]
[WhiteElo "1763"]
[BlackElo "933"]
[TimeControl "300"]
[EndTime "13:01:30 PDT"]
[Termination "mrsmarple1968 won on time"]

1. e4 e5 2. Bc4 Nf6 3. d3 Bc5 4.
Nf3 d6 5. O-O Nc6 6. c3 Be6 7.
Bb5 a6 8. Ba4 b5 9. Bc2 Bg4 10.
Nbd2 Bxf3 11. Nxf3 Ng4 12. h3 h5 13. d4 exd4 14.
cxd4 Nxd4 15. Nxd4 Bxd4 16. Qxd4 Qd7 17. Bf4 O-O-O 18.
Rfd1 Kb8 19. e5 d5 20. Rac1 c6 21. Qb6+ Qb7 22. Qxb7+ Kxb7 23. hxg4 hxg4 24. Bf5 Rh4 25. Bg3 Rh6 26. Bxg4 Rdh8 27. f3 Rg6 28. Kf2 f6 29. exf6 gxf6 30. Bd7 Rhg8 31. Bxc6+ Kb6 32. Bf4 Rxg2+ 33.
Ke1 Rg1+ 34. Ke2 R1g2+ 35. Kd3 Rxb2 36. Bxd5 Rd8 37. Be3+ Ka5 38. Ke4 Rb4+ 39. Rd4 f5+ 40. Kd3 Rxd4+ 41. Kxd4 Rh8 42. Ke5 Re8+ 43. Kd4 Rh8 44.
Bd2+ Ka4 45. Bc3 b4 46. Bb2 Rh4+ 47. Ke5 Rh5 48. Bb3+ Kb5 49. Bc4+ Kc6 50. Bb3+ 1-0

[Event "Live Chess"]
[Site "Chess.com"]
[Date "2024.06.01"]
[Round "-"]
[White "MaximKovalenko83"]
[Black "Thebigsqueeze"]
[Result "0-1"]
[WhiteElo "2236"]
[BlackElo "2298"]
[TimeControl "300"]
[EndTime "13:01:39 PDT"]
[Termination "Thebigsqueeze won by resignation"]

1. d4 Nf6 2. Nf3 e6 3. c4 b6 4. Nc3 Bb7 5. Bg5 Bb4 6. e3 O-O 7.
Be2 d6 8. O-O Bxc3 9. bxc3 Nbd7 10. Nd2 e5 11. Bf3 Qc8 12. Bxb7 Qxb7 13. Qc2 h6 14.
Bh4 Rae8 15. Rae1 Qc6 16. e4 g5 17. Bg3 Kg7 18. f3 Rh8 19. Qd3 Nf8 20. Rb1 Ng6 21. Rb5 a6 22. Rb2 h5 23. d5 Qd7 24. Rd1 h4 25.
Bf2 Nf4 26. Qf1 g4 27. Be3 g3 28. Bxf4 exf4 29. h3 Qe7 30. Nb3 Nd7 31. Nd4 Qf6 32. Qd3 Ne5 33. Nf5+ Qxf5 34. exf5 Nxd3 35. Rbd2 Nf2 36. Rb1 Re5 37. Kf1 Rhe8 38. a4 Re3 39. Rd4 Nd3 40. Re4 R8xe4 41. fxe4 Kf6 42. Rd1 Ke5 43. a5 bxa5 44. Ra1 Kxe4 45. Rd1 a4 46. Ra1 a3 47. Rd1 a2 48. Ra1 Re1+ 49. Rxe1+ Nxe1 50. Kxe1 Kd3 0-1

[Event "Live Chess"]
[Site "Chess.com"]
[Date "2024.06.01"]
[Round "-"]
[White "gmnorfolk"]
[Black "GwaryTek"]
[Result "1-0"]
[WhiteElo "2072"]
[BlackElo "1958"]
[TimeControl "300"]
[EndTime "13:01:48 PDT"]
[Termination "gmnorfolk won by resignation"]

1. d4 Nf6 2. c4 d6 3. Nc3 Nbd7 4. g3 e5 5. Bg2 Be7 6. e3 Kf8 7. Nge2 g6 8. O-O Kg7 9. b3 c6 10. Bb2 Re8 11. f4 exd4 12. exd4 Bf8 13. f5 Kg8 14. Nf4 Bg7 15. Qf3 Nf8 16. g4 Nxg4 17. Qxg4 Bxd4+ 18.
Kh1 Bxf5 19. Qg3 Re3 20. Rf3 Rxf3 21. Qxf3 Qf6 22. Rd1 Be5 23. Nfe2 Re8 24. Ng3 Bc2 25. Rf1 Qxf3 26. Bxf3 f5 27. Kg2 Ne6 28. Nge2 Bd3 29. Rd1 Bxe2 30. Bxe2 Nf4+ 31. Kf3 Nxe2 32. Re1 Nxc3 33.
Bxc3 Kf7 34. Bd2 h5 35. h3 a6 36. Rd1 Kf6 37. a4 Rd8 38. h4 d5 39. Bg5+ Ke6 40.
Bxd8 dxc4 41. bxc4 c5 42. Bb6 Bd4 43. a5 Kf6 44.
Bc7 g5 45. Bd8+ 1-0

[Event "Live Chess"]
[Site "Chess.com"]
[Date "2024.06.01"]
[Round "-"]
[White "bobby_jamesFischer86"]
[Black "aleksl1977"]
[Result "1-0"]
[WhiteElo "1618"]
[BlackElo "1328"]
[TimeControl "300"]
[EndTime "13:01:51 PDT"]
[Termination "bobby_jamesFischer86 won by resignation"]

1. d4 d5 2. c4 c6 3. Nc3 Nf6 4. Nf3 e6 5. Bg5 Be7 6. cxd5 exd5 7.
Ne5 O-O 8. e3 Nbd7 9. f4 Nxe5 10.
fxe5 Ne4 11. Bxe7 Qxe7 12. Nxe4 dxe4 13. g3 Qb4+ 14. Qd2 Qxd2+ 15. Kxd2 Bg4 16. Bg2 Bf5 17. Rhf1 Bg6 18. Rf4 Rfd8 19. Bxe4 Bxe4 20. Rxe4 c5 21. Ke2 c4 22. a4 a6 23. e6 fxe6 24. Rxe6 Re8 25.
Rxe8+ Rxe8 26. Rf1 Rc8 27. e4 b5 28. axb5 axb5 29. d5 h6 30. Ke3 b4 31. Kd4 b3 32. Rc1 Kf7 33. Rxc4 Rb8 34. e5 Ke7 35.
Rc7+ Kf8 36. Rc3 Ke7 37. Kc4 Rc8+ 38. Kxb3 Rd8 39. Rc7+ Kf8 40. d6 1-0

[Event "Live Chess"]
[Site "Chess.com"]
[Date "2024.06.01"]
[Round "-"]
[White "Tyslcab"]
[Black "Tushinskiy"]
[Result "0-1"]
[WhiteElo "1405"]
[BlackElo "2259"]
[TimeControl "300"]
[EndTime "13:01:52 PDT"]
[Termination "Tushinskiy won by resignation"]

1. e4 e5 2. Nf3 d6 3. d4 Bg4 4.
dxe5 Nd7 5. h3 Bh5 6. g4 Bg6 7. Nc3 dxe5 8. Bb5 c6 9. Ba4 Ngf6 10. Qe2 Bb4 11. Bd2 Qe7 12. O-O-O O-O-O 13. Rhe1 Nc5 14. Bb3 Nxb3+ 15. axb3 Rd7 16. Bg5 Rhd8 17. Rxd7 Rxd7 18. Rd1 Rxd1+ 19. Nxd1 Qc5 20. Be3 Qa5 21. c3 Qa1+ 22. Kd2 Nxe4+ 23. Kd3 Nxc3+ 24. Kc4 Nxe2 0-1

[Event "Live Chess"]
[Site "Chess.com"]
[Date "2024.06.01"]
[Round "-"]
[White "TJ-W"]
[Black "Ksenia_2013"]
[Result "1-0"]
[WhiteElo "1565"]
[BlackElo "833"]
[TimeControl "300"]
[EndTime "13:02:01 PDT"]
[Termination "TJ-W won by checkmate"]

1. e4 e5 2. Nf3 Nc6 3. Bc4 Nf6 4. Ng5 Bc5 5. Nxf7 Qe7 6. Nxh8 Qf8 7. Nf7 Nxe4 8. O-O d6 9. d3 Qe7 10. dxe4 Be6 11.
Bxe6 Qxe6 12. Qh5 g6 13. Qxh7 Nd4 14. Qg8+ Ke7 15. Bg5+ Kd7 16. Qxa8 Nxc2 17. Qd8+ Kc6 18. Qf8 Nxa1 19. Nd8+ Kd7 20. Qg7+ Ke8 21. Nxe6 d5 22. Nxc5 dxe4 23. Qg8# 1-0

[Event "Live Chess"]
[Site "Chess.com"]
[Date "2024.06.01"]
[Round "-"]
[White "missedJariChance"]
[Black "Zhevzh1k7"]
[Result "1-0"]
[WhiteElo "1342"]
[BlackElo "1105"]
[TimeControl "300"]
[EndTime "13:02:17 PDT"]
[Termination "missedJariChance won by resignation"]

1. b3 d5 2. Bb2 c5 3. Nf3 Nc6 4.
e3 Bf5 5. Bb5 Qb6 6. Bxc6+ Qxc6 7.
O-O Nf6 8. Ne5 Qe6 9. d4 cxd4 10. Bxd4 Nd7 11. Nf3 b6 12. Nbd2 Qc6 13. Rc1 e6 14.
c4 Bb4 15. cxd5 Qxd5 16. Nc4 O-O 17. Nh4 b5 18. Nxf5 exf5 19. Nb2 a5 20. Qh5 Qe6 21.
Qg5 f6 22. Qf4 Bd6 23. Qf3 a4 24. Rc6 axb3 25. axb3 Ne5 26. Bxe5 fxe5 27. Rd1 Rad8 28. Nd3 e4 29. Nf4 Bxf4 30. Rxe6 exf3 31. Rxd8 Rxd8 32. gxf3 Bh6 33. Kg2 Rd3 34. Re5 g6 35. Rxb5 Kf7 36.
Rb7+ Kg8 37. b4 Rb3 38. b5 Bf8 39. b6 h5 40. Rb8 Kg7 41. b7 Bd6 42. Rd8 Bc7 43.
Rd7+ Kf6 44. Rxc7 Rb2 45. Kg3 Kg5 46. e4 h4+ 47. Kg2 h3+ 48. Kg3 Kh5 49. exf5 gxf5 50.
Kxh3 Rb3 51. Kg3 f4+ 52. Kxf4 Kg6 53. Kg3 Kf6 54. h4 Ke6 55. h5 Kd6 56. Rg7 Kc6 57. h6 Rxb7 58. Rxb7 Kxb7 59. h7 Kc6 60. h8=Q Kc5 1-0

[Event "Live Chess"]
[Site "Chess.com"]
[Date "2024.06.01"]
[Round "-"]
[White "Sweet-O"]
[Black "GoldsmanB"]
[Result "0-1"]
[WhiteElo "1551"]
[BlackElo "1088"]
[TimeControl "300"]
[EndTime "13:02:22 PDT"]
[Termination "GoldsmanB won by resignation"]

1. d4 Nf6 2. Nc3 d5 3. Bf4 e6 4. e3 Bd6 5. Nge2 O-O 6. Nb5 Bxf4 7. Nxf4 c6 8. Nc3 Nbd7 9. g4 Qb6 10. Na4 Qa5+ 11.
c3 b5 12. Nc5 Nxc5 13. dxc5 Nd7 14. Qd4 e5 15. Qb4 Qxb4 16. cxb4 exf4 17. exf4 Re8+ 18. Kd2 Nf6 19. g5 Ne4+ 20. Kc2 Nxf2 21. Rg1 Ne4 22. h4 Bf5 23. Kb3 Nd2+ 24. Ka3 Nxf1 25. Raxf1 Re3+ 26. b3 a5 27. Re1 Rxe1 28. Rxe1 axb4+ 29. Kxb4 g6 30. Re7 Rxa2 31. Rc7 Ra6 32. Rb7 Kg7 33. Rb6 Rxb6 34. cxb6 Bc8 35. Kc5 Kf8 36. Kxc6 Ke7 37. Kc7 Ba6 38. b7 Bxb7 39. Kxb7 d4 0-1

[Event "Live Chess"]
[Site "Chess.com"]
[Date "2024.06.01"]
[Round "-"]
[White "sebmoran1"]
[Black "Eva3337"]
[Result "1-0"]
[WhiteElo "1474"]
[BlackElo "1153"]
[TimeControl "300"]
[EndTime "13:02:24 PDT"]
[Termination "sebmoran1 won on time"]

1. e4 Nc6 2. Bb5 a6 3. Ba4 b5 4. Bb3 d6 5. Qf3 Nf6 6. g4 Ne5 7. Qg2 Bxg4 8. f4 Nc4 9. h3 Be6 10. f5 Bd7 11. d3 Ne5 12. Nc3 e6 13. fxe6 Bxe6 14. Bxe6 fxe6 15. Bf4 Rb8 16. O-O-O Rg8 17.
Nf3 Nxf3 18. Qxf3 b4 19. Ne2 e5 20. Bg5 Be7 21. d4 h6 22. Bh4 g5 23. Bf2 Rf8 24.
Qd3 Nh5 25. Qxa6 Nf4 26. Nxf4 Rxf4 27. Bg3 Rf3 28. Bh2 Rf2 29. dxe5 g4 30. exd6 Bg5+ 31. Kb1 Qf6 32. dxc7 Qxa6 33. cxb8=Q+ Kf7 34. Qc7+ Kg6 35. Rd6+ Qxd6 36. Qxd6+ Kh5 37. hxg4+ Kxg4 38. Qg3+ 1-0

[Event "Live Chess"]
[Site "Chess.com"]
[Date "2024.06.01"]
[Round "-"]
[White "ShanthamGrarks"]
[Black "gobbles19"]
[Result "0-1"]
[WhiteElo "1901"]
[BlackElo "2252"]
[TimeControl "300"]
[EndTime "13:02:33 PDT"]
[Termination "gobbles19 won by resignation"]

1. d4 Nf6 2. Nc3 d6 3. e4 g6 4. Bg5 h6 5. Bxf6 exf6 6. Bc4 Bg7 7.
Nf3 O-O 8. Nh4 Kh7 9. f4 f5 10.
exf5 Qxh4+ 11. g3 Qe7+ 12. Kf2 Bxf5 13. Re1 Qd7 14. Bd3 Bxd4+ 15. Kg2 Bh3+ 16. Kh1 Bg7 17. Qf3 Nc6 18. Ne4 Nd4 19. Qe3 Rae8 20. c3 Nf5 21.
Qf3 Ne7 22. Nf2 Bf5 23. Rad1 Bxd3 24. Nxd3 Nf5 25. Nb4 c6 26. g4 Ne7 27. f5 gxf5 28.
g5 Ng6 29. gxh6 Bxh6 30. Rg1 Qe6 31. Rde1 Qf6 32. Nd3 Ne5 33. Qh3 Nxd3 34. Qxd3 Rxe1 35. Rxe1 Rg8 36. Rf1 Qg6 37. Qf3 f4 38. b4 d5 39.
a4 Qe4 40. h3 Rg3 41. Qxe4+ dxe4 42. Kh2 Rxc3 43. h4 e3 44. h5 e2 45. Re1 f3 46. Kg3 Bd2 47. Rxe2 fxe2+ 0-1

[Event "Live Chess"]
[Site "Chess.com"]
[Date "2024.06.01"]
[Round "-"]
[White "blunderabit"]
[Black "KeithArkell"]
[Result "0-1"]
[WhiteElo "1809"]
[BlackElo "2457"]
[TimeControl "300"]
[EndTime "13:02:35 PDT"]
[Termination "KeithArkell won by resignation"]

1. e4 c6 2. d4 d5 3. Nc3 dxe4 4. Nxe4 Nd7 5. Ng5 Ngf6 6. Bc4 e6 7. Qe2 Nb6 8. Bd3 h6 9. N5f3 c5 10. dxc5 Nbd7 11. Be3 Bxc5 12. Bxc5 Nxc5 13. Bb5+ Bd7 14. Bxd7+ Qxd7 15. Ne5 Qd5 16. Ngf3 O-O 17. O-O Qe4 18. Qxe4 Nfxe4 19. Rfd1 Rfd8 20. g3 Na4 21. Nd3 Rac8 22. Rac1 b5 23. a3 Nb6 24. c3 Nc4 25. b3 Nxa3 26. Ra1 Nxc3 27. Rd2 Nab1 0-1

[Event "Live Chess"]
[Site "Chess.com"]
[Date "2024.06.01"]
[Round "-"]
[White "DoctorMantisTobogganMD"]
[Black "DarranAS"]
[Result "1-0"]
[WhiteElo "2170"]
[BlackElo "1454"]
[TimeControl "300"]
[EndTime "13:02:40 PDT"]
[Termination "DoctorMantisTobogganMD won on time"]

1. e4 e5 2. Nc3 Nf6 3. Bc4 c6 4. Bb3 Na6 5. d3 Nc5 6. Nge2 Nxb3 7. axb3 d5 8. O-O d4 9. Nb1 Be6 10. f4 Bd6 11. fxe5 Bxe5 12. Bf4 Qd6 13. Bxe5 Qxe5 14. h3 O-O-O 15. Rxa7 Kb8 16. Ra4 c5 17. Nd2 g5 18.
Qa1 g4 19. Ra8+ Kc7 20. Qa5+ b6 21. Qa7+ Kc6 22. Qa4+ Kc7 23. Ra7+ Kd6 24. Qb5 Rb8 25. Ra6 Nd7 26. Nf4 Qg5 27. Nxe6 Qxd2 28. Rxf7 Qe3+ 29.
Kf1 Qc1+ 30. Kf2 Qe3+ 31. Kf1 Qc1+ 32. Ke2 Qxc2+ 33. Kf1 Qd1+ 34. Kf2 Qd2+ 35. Kg1 Qe3+ 36. Kf1 Qc1+ 37. Ke2 Qe3+ 38. Kd1 Qg1+ 39. Kc2 Qxg2+ 40. Kb1 Rb7 41. Rxd7+ Rxd7 42. Rxb6+ Ke7 43. Qxc5+ Kf7 44. Qf5+ Ke7 45. Qg5+ Kf7 46. Qg7+ Ke8 47. Rb8+ 1-0

[Event "Live Chess"]
[Site "Chess.com"]
[Date "2024.06.01"]
[Round "-"]
[White "yarek"]
[Black "CarmelJane"]
[Result "0-1"]
[WhiteElo "1721"]
[BlackElo "2078"]
[TimeControl "300"]
[EndTime "13:02:42 PDT"]
[Termination "CarmelJane won - game abandoned"]

1. e4 g6 2. d4 Bg7 3. Be3 c5 4. c3 cxd4 5. cxd4 d5 6. e5 Nc6 7.
h3 a6 8. Nf3 Nh6 9. Bd3 Nf5 10.
O-O O-O 11. Nc3 b5 12. a3 Nxe3 13. fxe3 Bh6 14. Qe2 Be6 15. Rac1 Qd7 16. Kh2 Na5 17. Nd2 Nc4 18. Nxc4 bxc4 19. Bc2 Rab8 20. Ba4 Qc8 21.
Rc2 Bf5 22. Rd2 Bd3 23. Qf3 Bxf1 24. Qxf1 Bxe3 25. Rd1 Rxb2 26. Nxd5 Bg5 27. Rc1 Qe6 28. Nf4 Qf5 0-1

[Event "Live Chess"]
[Site "Chess.com"]
[Date "2024.06.01"]
[Round "-"]
[White "ACM42"]
[Black "Kyrylo7770"]
[Result "1-0"]
[WhiteElo "2199"]
[BlackElo "1671"]
[TimeControl "300"]
[EndTime "13:02:45 PDT"]
[Termination "ACM42 won by checkmate"]

1. e4 c6 2. d4 d5 3. e5 Bf5 4.
Nc3 e6 5. g4 Bg6 6. Nge2 Bb4 7.
h4 h5 8. Nf4 Bxc3+ 9. bxc3 Be4 10. f3 Bg6 11. Nxg6 fxg6 12. Bd3 Ne7 13. Bg5 Qa5 14.
Qd2 Qc7 15. Bxe7 Qxe7 16. Bxg6+ Kd7 17. gxh5 Na6 18. Rb1 Rab8 19. Rb3 b5 20. Qg5 Qf8 21. Ke2 c5 22. f4 cxd4 23. cxd4 Nb4 24. f5 Rc8 25. c3 Nxa2 26. fxe6+ Kc7 27. Rf1 Qd8 28. Qd2 Qxh4 29. Qxa2 Qh2+ 30. Rf2 Qh3 31. Qxa7+ Kc6 32.
Qd7+ Kb6 33. Rxb5+ Ka6 34. Qb7# 1-0

[Event "Live Chess"]
[Site "Chess.com"]
[Date "2024.06.01"]
[Round "-"]
[White "Delacorta"]
[Black "IanCalvert2"]
[Result "1-0"]
[WhiteElo "1528"]
[BlackElo "1520"]
[TimeControl "300"]
[EndTime "13:02:50 PDT"]
[Termination "Delacorta won on time"]

1. d4 d5 2. Nf3 Nf6 3. e3 c6 4.
Bd3 Bg4 5. Nbd2 e6 6. b3 Nbd7 7. Bb2 Bd6 8. O-O O-O 9. c4 e5 10. dxe5 Nxe5 11. Be2 Nxf3+ 12. Bxf3 Bxf3 13. Nxf3 dxc4 14. bxc4 Qe7 15. Qc2 Rfe8 16. Rad1 Rad8 17. Rd2 Bc7 18. Rfd1 Rxd2 19. Rxd2 Rd8 20. Rxd8+ Qxd8 21. Qd2 Qxd2 22. Nxd2 Nd7 23. g3 Be5 24. Bxe5 Nxe5 25. Kg2 Kf8 26. f4 Nd3 27. Kf3 Nb4 28. a3 Nc2 29. a4 Ke7 30. Ke4 Kd6 31. Kd3 Nb4+ 32.
Kd4 c5+ 33. Ke4 Kc6 34. Nb1 Na2 35. Ke5 a6 36. e4 b5 37. cxb5+ axb5 38. axb5+ Kxb5 39. Kd5 Nb4+ 40. Kd6 Kc4 41. Ke7 Kd4 42. e5 f5 43. e6 Ke4 44. Kd6 Nd5 45. Kxc5 Ne7 46. Kd6 Ng6 47. e7 Nxe7 48. Kxe7 Kf3 49. Kf7 Kg2 50.
Kxg7 Kxh2 51. Kf6 Kxg3 52. Kxf5 1-0

[Event "Live Chess"]
[Site "Chess.com"]
[Date "2024.06.01"]
[Round "-"]
[White "Cruiseylee78"]
[Black "MaximKovalenko83"]
[Result "0-1"]
[WhiteElo "1680"]
[BlackElo "2238"]
[TimeControl "300"]
[EndTime "13:02:52 PDT"]
[Termination "MaximKovalenko83 won by resignation"]

1. d4 d5 2. Bf4 c5 3. e3 Nc6 4. Nf3 Nf6 5. c3 Bg4 6. Nbd2 e6 7.
Bd3 Bd6 8. Bg3 O-O 9. Qc2 Rc8 10. b3 cxd4 11. exd4 Nb4 12. Qb1 Rxc3 13. a3 Nxd3+ 14. Kf1 Rc1+ 15. Qxc1 Nxc1 16. Rxc1 Bxg3 0-1

[Event "Live Chess"]
[Site "Chess.com"]
[Date "2024.06.01"]
[Round "-"]
[White "Frankie_Badacsonyi"]
[Black "uselessduffer"]
[Result "1/2-1/2"]
[WhiteElo "2440"]
[BlackElo "2431"]
[TimeControl "300"]
[EndTime "13:02:57 PDT"]
[Termination "Game drawn by agreement"]

1. d4 Nf6 2. Bg5 e6 3. Nd2 c5 4. e3 Be7 5. c3 b6 6. Ngf3 Bb7 7. Bd3 d5 8. O-O Nbd7 9. Qe2 O-O 10. Ne5 Nxe5 11. dxe5 Nd7 12. Bxe7 Qxe7 13. f4 f6 14. exf6 Nxf6 15. e4 dxe4 16. Nxe4 Bxe4 17. Bxe4 Rad8 18.
Rae1 Rfe8 19. Bc6 Rf8 20. Qxe6+ Qxe6 21. Rxe6 Rd2 22. b4 Kf7 23. Ree1 cxb4 24. cxb4 Rxa2 25. Ra1 Rxa1 26. Rxa1 a5 27. bxa5 bxa5 28. Rxa5 Rd8 29. Bf3 Rd4 30. g3 Rd2 31. Ra1 h6 32. Re1 g5 33. f5 g4 34. Bg2 Rc2 35. Ra1 Rc5 36. Rf1 h5 37. h3 gxh3 38. Bxh3 Kg7 39. Rf2 Kh6 40. Kg2 Kg5 41. Re2 Rc7 42. Ra2 Ng4 43. Bxg4 hxg4 44. Rb2 Rf7 45. Ra2 Rxf5 46. Rb2 1/2-1/2

[Event "Live Chess"]
[Site "Chess.com"]
[Date "2024.06.01"]
[Round "-"]
[White "MagnersCarlsberg2870"]
[Black "AndrewBak1"]
[Result "0-1"]
[WhiteElo "1811"]
[BlackElo "1836"]
[TimeControl "300"]
[EndTime "13:03:00 PDT"]
[Termination "AndrewBak1 won by resignation"]

1. e4 c5 2. d3 Nc6 3. Nd2 g6 4. Ngf3 Bg7 5. g3 e6 6. Bg2 d5 7. O-O Nf6 8. e5 Nd7 9. Re1 Ndxe5 10. Nxe5 Nxe5 11. f4 Nc6 12. Nf3 O-O 13. c3 Qb6 14. Kh1 Bd7 15. h4 h5 16. Ne5 Nxe5 17. fxe5 d4 18.
g4 hxg4 19. Qxg4 Bc6 20. h5 Bxg2+ 21. Kxg2 gxh5 22. Bh6 hxg4 0-1

[Event "Live Chess"]
[Site "Chess.com"]
[Date "2024.06.01"]
[Round "-"]
[White "LL220284LL"]
[Black "defenderalist"]
[Result "1-0"]
[WhiteElo "2543"]
[BlackElo "1506"]
[TimeControl "300"]
[EndTime "13:03:06 PDT"]
[Termination "LL220284LL won by resignation"]

1. b3 e5 2. Bb2 d6 3. g3 Nc6 4. Bg2 Nf6 5. d3 Bd7 6. c4 Be7 7. Nc3 a6 8. e3 O-O 9. Nge2 Bg4 10. Qd2 Qd7 11. h3 Bh5 12. g4 Bg6 13. Nd5 Nxd5 14. cxd5 Na7 15. e4 c6 16. Nc3 b5 17.
dxc6 Nxc6 18. Nd5 Bd8 19. Rc1 Ne7 20. Ne3 d5 21. Bxe5 dxe4 22. dxe4 Qxd2+ 23. Kxd2 Ba5+ 24. Ke2 Rac8 25. Bd6 Rfe8 26. Bxe7 Rxc1 27. Rxc1 1-0

[Event "Live Chess"]
[Site "Chess.com"]
[Date "2024.06.01"]
[Round "-"]
[White "nffc11"]
[Black "StoreySniper"]
[Result "0-1"]
[WhiteElo "2018"]
[BlackElo "2531"]
[TimeControl "300"]
[EndTime "13:03:10 PDT"]
[Termination "StoreySniper won on time"]

1. d4 g6 2. Nf3 Bg7 3. g3 c5 4.
c3 cxd4 5. cxd4 d5 6. Bg2 Nc6 7.
O-O Nf6 8. Nc3 O-O 9. Bf4 Ne4 10.
Rc1 Nxc3 11. Rxc3 Bf5 12. Ne5 Nxe5 13. Bxe5 Bxe5 14. dxe5 e6 15. e3 h5 16. h3 Qb6 17.
g4 hxg4 18. hxg4 Be4 19. f3 Rac8 20. fxe4 Rxc3 21. bxc3 Qxe3+ 22. Kh2 Kg7 23. Rf3 Rh8+ 24. Rh3 Rxh3+ 25. Bxh3 dxe4 26. Qf1 Kg8 27. Bg2 Qxc3 28. Qf6 Qd2 29. Kg3 e3 30. Bxb7 e2 0-1

[Event "Live Chess"]
[Site "Chess.com"]
[Date "2024.06.01"]
[Round "-"]
[White "Queensandpawns"]
[Black "Bradfield133"]
[Result "1-0"]
[WhiteElo "2383"]
[BlackElo "1922"]
[TimeControl "300"]
[EndTime "13:03:10 PDT"]
[Termination "Queensandpawns won on time"]

1. e4 c5 2. b4 cxb4 3. c3 e6 4. Nf3 Nc6 5. Bc4 b6 6. O-O Bb7 7. cxb4 Bxb4 8. Nc3 Rc8 9. Bb2 Nge7 10. Nb5 a6 11. Nc3 O-O 12. a3 Bd6 13. d4 Bf4 14.
e5 Nxe5 15. Nxe5 Bxe5 16. dxe5 Rxc4 17. Ne2 Nf5 18. Rc1 Qc7 19. Qd3 b5 20. Bc3 Rc8 21. Bd2 Qc6 22. f3 Qb6+ 23. Kh1 Rxc1 24. Rxc1 Rxc1+ 25. Bxc1 Bd5 26. Nc3 Ne7 27. Bg5 Qf2 28. h4 Nf5 29. Nxd5 Ng3+ 30. Kh2 exd5 31. Qxd5 h6 32. Bf4 Ne2 33. Qa8+ Kh7 34. Qe4+ g6 35. Be3 Qg3+ 36. Kh1 Qxh4+ 37. Qxh4 1-0